TOP OF THE 1ST |
Cape Coral Reefers batting - Pitching for Mt. Vernon Bulls : LHP Jaime Chávez
|
Pitching: LHP Jaime Chávez
|
|
Batting: RHB Jeff Bowers
|
0-0: Ball 1-0: Called Strike 1-1: Ball 2-1: Ball 3-1: Base on Balls
|
Batting: LHB Pat Carter
|
0-0: Fielders Choice at 2nd, 1-6 (Groundball, 13, EV 80.6 MPH)
|
Batting: RHB Axel Ruschmeyer
|
0-0: Called Strike 0-1: Swinging Strike 0-2: Strikes out swinging
|
Batting: RHB Tom Camden
|
0-0: Ball Pat Carter steals 2nd base 1-0: Foul Ball, location: 2F 1-1: Called Strike 1-2: Foul Ball, location: 2F 1-2: Strikes out swinging
|
Top of the 1st over - 0 runs, 0 hits, 0 errors, 1 left on base; Cape Coral 0 - Mt. Vernon 0 |
BOTTOM OF THE 1ST |
Mt. Vernon Bulls batting - Pitching for Cape Coral Reefers : RHP Buzzy Grossman
|
Pitching: RHP Buzzy Grossman
|
|
Batting: RHB Ned Lyons
|
0-0: Called Strike 0-1: Foul Ball, location: 2F 0-2: Foul Ball, location: 2F 0-2: Ball 1-2: Strikes out swinging
|
Batting: LHB Ramón Torres
|
0-0: Ball 1-0: DOUBLE (Line Drive, 89XD, EV 107.5 MPH)
|
Batting: LHB Ben Bullock
|
0-0: Ball Ramón Torres is caught stealing 3rd base 2-5 1-0: Reached on error, E3 (Groundball, 3, EV 80.0 MPH)
|
Batting: LHB Philip Todd
|
0-0: Ball 1-0: Ball 2-0: Ball 3-0: Called Strike 3-1: Foul Ball, location: 2F 3-2: SINGLE (Groundball, 25, EV 69.4 MPH) (infield hit) Ben Bullock to second
|
Batting: RHB Doug Page
|
0-0: SINGLE (Flyball, 7LM, EV 89.4 MPH) Ben Bullock to third Philip Todd to second Runner from 3rd tries for Home, SAFE, no throw by LF
|
Batting: RHB Cyrillo Watson
|
0-0: Fielders Choice at 2nd, 6-4 (Groundball, 6, EV 84.4 MPH)
|
Bottom of the 1st over - 1 run, 3 hits, 1 error, 2 left on base; Cape Coral 0 - Mt. Vernon 1 |
TOP OF THE 2ND |
Cape Coral Reefers batting - Pitching for Mt. Vernon Bulls : LHP Jaime Chávez
|
Batting: LHB Danny Rodríguez
|
0-0: Swinging Strike 0-1: Called Strike 0-2: Strikes out looking
|
Batting: RHB Woong Byeon
|
0-0: Ball 1-0: Ground out U3 (Groundball, 3, EV 92.5 MPH)
|
Batting: RHB Jackson Cluff
|
0-0: Ball 1-0: Ball 2-0: Ball 3-0: Base on Balls
|
Batting: RHB Dave Hill
|
0-0: Called Strike 0-1: Foul Ball, location: 2F 0-2: Strikes out looking
|
Top of the 2nd over - 0 runs, 0 hits, 0 errors, 1 left on base; Cape Coral 0 - Mt. Vernon 1 |
BOTTOM OF THE 2ND |
Mt. Vernon Bulls batting - Pitching for Cape Coral Reefers : RHP Buzzy Grossman
|
Batting: RHB Francisco Ortíz
|
0-0: Called Strike 0-1: Ball 1-1: Ball 2-1: Foul Ball, location: 2F 2-2: SINGLE (Flyball, 9LM, EV 107.5 MPH)
|
Batting: RHB John Polk
|
0-0: Ball Francisco Ortíz is caught stealing 2nd base 2-4 1-0: Swinging Strike 1-1: Ball 2-1: Fly out, F6 (Popup, 6M, EV 65.6 MPH)
|
Batting: RHB Donovan Carlson
|
0-0: Fly out, F8 (Line Drive, 8LD, EV 97.5 MPH)
|
Bottom of the 2nd over - 0 runs, 1 hit, 0 errors, 0 left on base; Cape Coral 0 - Mt. Vernon 1 |
TOP OF THE 3RD |
Cape Coral Reefers batting - Pitching for Mt. Vernon Bulls : LHP Jaime Chávez
|
Batting: LHB Fernando Negrete
|
0-0: Ball 1-0: SINGLE (Line Drive, 9LM, EV 106.9 MPH)
|
Batting: RHB Jeff Bowers
|
0-0: Called Strike Fernando Negrete steals 2nd base 0-1: Foul Ball, location: 2F 0-2: Strikes out swinging
|
Batting: LHB Pat Carter
|
0-0: Swinging Strike 0-1: Ball 1-1: Foul Ball, location: 2F 1-2: SINGLE (Flyball, 9S, EV 85.0 MPH) Fernando Negrete to third Runner from 3rd tries for Home, SAFE, throw by RF to home Pat Carter to second
|
Pitching: RHP Rafael Santiago
|
|
Batting: RHB Axel Ruschmeyer
|
0-0: Swinging Strike 0-1: Called Strike 0-2: Ball 1-2: Ball 2-2: Foul Ball, location: 2F 2-2: Strikes out swinging
|
Batting: RHB Tom Camden
|
0-0: Ball 1-0: Called Strike 1-1: Called Strike 1-2: Fly out, F9 (Line Drive, 9S, EV 101.2 MPH)
|
Top of the 3rd over - 1 run, 2 hits, 0 errors, 1 left on base; Cape Coral 1 - Mt. Vernon 1 |
BOTTOM OF THE 3RD |
Mt. Vernon Bulls batting - Pitching for Cape Coral Reefers : RHP Buzzy Grossman
|
Batting: RHB Ned Lyons
|
0-0: Ball 1-0: Called Strike 1-1: Ball 2-1: Ball 3-1: Foul Ball, location: 2F 3-2: Base on Balls
|
Batting: LHB Ramón Torres
|
0-0: Fielders Choice at 2nd, 4-6 (Groundball, 34, EV 89.4 MPH)
|
Batting: LHB Ben Bullock
|
0-0: Ball 1-0: Ball Ramón Torres steals 2nd base 2-0: Ball 3-0: Base on Balls
|
Batting: LHB Philip Todd
|
0-0: Ball 1-0: Ball 2-0: Foul Ball, location: 2F 2-1: Ball 3-1: Foul Ball, location: 2F 3-2: Base on Balls Ramón Torres to third Ben Bullock to second
|
Batting: RHB Doug Page
|
0-0: Foul Ball, location: 2F 0-1: Called Strike 0-2: Ball 1-2: SINGLE (Groundball, 6MD, EV 93.8 MPH) Ramón Torres scores Ben Bullock to third Philip Todd to second Runner from 3rd tries for Home, throw by CF and OUT! 8-2
|
Batting: RHB Cyrillo Watson
|
0-0: Ball 1-0: Swinging Strike 1-1: Ball 2-1: Ball 3-1: Foul Ball, location: 2F 3-2: Strikes out looking
|
Bottom of the 3rd over - 1 run, 1 hit, 0 errors, 2 left on base; Cape Coral 1 - Mt. Vernon 2 |
TOP OF THE 4TH |
Cape Coral Reefers batting - Pitching for Mt. Vernon Bulls : RHP Rafael Santiago
|
Batting: LHB Danny Rodríguez
|
0-0: Ball 1-0: Ball 2-0: Called Strike 2-1: Ball 3-1: Swinging Strike 3-2: Strikes out swinging
|
Batting: RHB Woong Byeon
|
0-0: Ball 1-0: Called Strike 1-1: Ball 2-1: Called Strike 2-2: Ball 3-2: SINGLE (Groundball, 34D, EV 109.4 MPH)
|
Batting: RHB Jackson Cluff
|
0-0: Ball 1-0: SINGLE (Groundball, 6MD, EV 101.2 MPH) Woong Byeon to second Runner from 2nd tries for 3rd, SAFE, throw by CF made to third
|
Batting: RHB Dave Hill
|
0-0: Ball 1-0: Foul Ball, location: 2F 1-1: Ball 2-1: Ball 3-1: Swinging Strike 3-2: Strikes out swinging
|
Batting: LHB Fernando Negrete
|
0-0: Called Strike 0-1: Ball 1-1: Ball 2-1: Ball 3-1: Swinging Strike 3-2: Foul Ball, location: 2F 3-2: Strikes out swinging
|
Top of the 4th over - 0 runs, 2 hits, 0 errors, 2 left on base; Cape Coral 1 - Mt. Vernon 2 |
BOTTOM OF THE 4TH |
Mt. Vernon Bulls batting - Pitching for Cape Coral Reefers : RHP Buzzy Grossman
|
Batting: RHB Francisco Ortíz
|
0-0: Called Strike 0-1: Foul Ball, location: 2F 0-2: Strikes out swinging
|
Batting: RHB John Polk
|
0-0: Ball 1-0: Called Strike 1-1: Ball 2-1: DOUBLE (Line Drive, 9LD, EV 112.5 MPH)
|
Batting: RHB Donovan Carlson
|
0-0: Called Strike 0-1: Ground out 4-3 (Groundball, 4, EV 100.0 MPH) John Polk to third
|
Batting: RHB Ned Lyons
|
0-0: Ball 1-0: Foul Ball, location: 2F 1-1: Ground out 4-3 (Groundball, 4S, EV 84.4 MPH)
|
Bottom of the 4th over - 0 runs, 1 hit, 0 errors, 1 left on base; Cape Coral 1 - Mt. Vernon 2 |
TOP OF THE 5TH |
Cape Coral Reefers batting - Pitching for Mt. Vernon Bulls : RHP Rafael Santiago
|
Batting: RHB Jeff Bowers
|
0-0: Called Strike 0-1: Foul Ball, location: 2F 0-2: Foul Ball, location: 2F 0-2: Ground out 6-3 (Groundball, 6, EV 82.5 MPH)
|
Batting: LHB Pat Carter
|
0-0: Called Strike 0-1: Ball 1-1: Ball 2-1: Ball 3-1: Foul Ball, location: 2F 3-2: Foul Ball, location: 2F 3-2: DOUBLE (Line Drive, 9LD, EV 109.4 MPH)
|
Pitching: RHP Dave Newman
|
|
Batting: RHB Axel Ruschmeyer
|
0-0: Ball 1-0: Ball 2-0: Swinging Strike 2-1: Ball 3-1: Base on Balls
|
Batting: RHB Tom Camden
|
0-0: Ball 1-0: Ball 2-0: Called Strike 2-1: Foul Ball, location: 2F 2-2: Foul Ball, location: 2F 2-2: Ball 3-2: Fielders Choice at 2nd, 6-4 (Groundball, 6, EV 106.9 MPH) Pat Carter to third
|
Batting: LHB Danny Rodríguez
|
0-0: Called Strike 0-1: Swinging Strike 0-2: Strikes out swinging
|
Top of the 5th over - 0 runs, 1 hit, 0 errors, 2 left on base; Cape Coral 1 - Mt. Vernon 2 |
BOTTOM OF THE 5TH |
Mt. Vernon Bulls batting - Pitching for Cape Coral Reefers : RHP Buzzy Grossman
|
Batting: LHB Ramón Torres
|
0-0: Ball 1-0: Swinging Strike 1-1: Foul Ball, location: 2F 1-2: Foul Ball, location: 2F 1-2: Ball 2-2: Foul Ball, location: 2F 2-2: SINGLE (Line Drive, 4M, EV 101.9 MPH)
|
Batting: LHB Ben Bullock
|
0-0: Called Strike 0-1: Ball 1-1: Foul Ball, location: 2F 1-2: Foul Ball, location: 2F 1-2: Foul Ball, location: 2F 1-2: Foul Ball, location: 2F 1-2: SINGLE (Groundball, 3S, EV 68.1 MPH) (infield hit) Ramón Torres to second
|
Batting: LHB Philip Todd
|
0-0: Ball 1-0: Foul Ball, location: 2F 1-1: Reached on error, E3 (Groundball, 34, EV 88.1 MPH) Ramón Torres to third Ben Bullock to second
|
Batting: RHB Doug Page
|
0-0: Ball 1-0: Ball 2-0: Ball 3-0: Base on Balls Ramón Torres scores Ben Bullock to third Philip Todd to second
|
Batting: RHB Cyrillo Watson
|
0-0: Fielders Choice at 2nd, 5-4 (Groundball, 56, EV 81.9 MPH) Ben Bullock scores Philip Todd to third
|
Batting: RHB Francisco Ortíz
|
0-0: Fly out, F8 (Line Drive, 8RD, EV 103.8 MPH) Runner from 3rd tags up, SCORES, no throw by CF
|
Batting: RHB John Polk
|
0-0: Ball Cyrillo Watson steals 2nd base 1-0: Swinging Strike 1-1: Ground out 4-3 (Groundball, 4M, EV 84.4 MPH)
|
Bottom of the 5th over - 3 runs, 2 hits, 1 error, 1 left on base; Cape Coral 1 - Mt. Vernon 5 |
TOP OF THE 6TH |
Cape Coral Reefers batting - Pitching for Mt. Vernon Bulls : RHP Dave Newman
|
Batting: RHB Woong Byeon
|
0-0: Swinging Strike 0-1: Fly out, F6 (Popup, 6MS, EV 81.9 MPH)
|
Batting: RHB Jackson Cluff
|
0-0: Ground out U3 (Groundball, 3L, EV 104.4 MPH)
|
Batting: RHB Dave Hill
|
0-0: Called Strike 0-1: Ball 1-1: Foul Ball, location: 2F 1-2: Ball 2-2: Ground out 4-3 (Groundball, 4MS, EV 74.4 MPH)
|
Top of the 6th over - 0 runs, 0 hits, 0 errors, 0 left on base; Cape Coral 1 - Mt. Vernon 5 |
BOTTOM OF THE 6TH |
Mt. Vernon Bulls batting - Pitching for Cape Coral Reefers : RHP Buzzy Grossman
|
Batting: RHB Donovan Carlson
|
0-0: Called Strike 0-1: Swinging Strike 0-2: Strikes out swinging
|
Batting: RHB Ned Lyons
|
0-0: Ball 1-0: Ground out U3 (Groundball, 34, EV 83.8 MPH)
|
Batting: LHB Ramón Torres
|
0-0: Fly out, F7 (Flyball, 7LSF, EV 90.6 MPH)
|
Bottom of the 6th over - 0 runs, 0 hits, 0 errors, 0 left on base; Cape Coral 1 - Mt. Vernon 5 |
TOP OF THE 7TH |
Cape Coral Reefers batting - Pitching for Mt. Vernon Bulls : RHP Dave Newman
|
Batting: LHB Fernando Negrete
|
0-0: Called Strike 0-1: Ball 1-1: Foul Ball, location: 2F 1-2: Ball 2-2: Strikes out swinging
|
Batting: RHB Jeff Bowers
|
0-0: Ball 1-0: Called Strike 1-1: Reached on error, E1 (Groundball, 34S, EV 81.9 MPH)
|
Pitching: LHP James Hall
|
|
Batting: LHB Pat Carter
|
0-0: Ball 1-0: Called Strike 1-1: Ball 2-1: Swinging Strike 2-2: Strikes out swinging
|
Batting: RHB Axel Ruschmeyer
|
0-0: Called Strike Jeff Bowers steals 2nd base 0-1: 2-RUN HOME RUN (Flyball, 7D, EV 106.9 MPH), Distance : 407 ft
|
Batting: RHB Tom Camden
|
0-0: Called Strike 0-1: Called Strike 0-2: Strikes out swinging
|
Top of the 7th over - 2 runs, 1 hit, 1 error, 0 left on base; Cape Coral 3 - Mt. Vernon 5 |
BOTTOM OF THE 7TH |
Mt. Vernon Bulls batting - Pitching for Cape Coral Reefers : RHP Buzzy Grossman
|
Pitching: RHP Tom Lewis
|
|
Batting: LHB Ben Bullock
|
0-0: Ball 1-0: Fly out, F8 (Flyball, 8RS, EV 91.2 MPH)
|
Batting: LHB Philip Todd
|
0-0: Called Strike 0-1: Called Strike 0-2: Foul Ball, location: 2F 0-2: Ball 1-2: Ball 2-2: Ball 3-2: Ground out 4-3 (Groundball, 4S, EV 80.6 MPH)
|
Batting: RHB Doug Page
|
0-0: Called Strike 0-1: Called Strike 0-2: Strikes out swinging
|
Bottom of the 7th over - 0 runs, 0 hits, 0 errors, 0 left on base; Cape Coral 3 - Mt. Vernon 5 |
TOP OF THE 8TH |
Cape Coral Reefers batting - Pitching for Mt. Vernon Bulls : LHP James Hall
|
Now in LF: Joe Smith
|
|
Batting: LHB Danny Rodríguez
|
0-0: Ball 1-0: Called Strike 1-1: Foul Ball, location: 2F 1-2: Strikes out looking
|
Batting: RHB Woong Byeon
|
0-0: Ball 1-0: Foul Ball, location: 2F 1-1: SINGLE (Line Drive, 9S, EV 88.1 MPH)
|
Batting: RHB Jackson Cluff
|
0-0: Called Strike 0-1: Ball 1-1: DOUBLE (Line Drive, 78D, EV 110.6 MPH) Woong Byeon to third
|
Pinch Hitting: RHB Víctor Martínez
|
0-0: Ball 1-0: Ball 2-0: Ball 3-0: Called Strike 3-1: Foul Ball, location: 2F 3-2: Base on Balls
|
Pinch Hitting: RHB Matthew Hunt
|
0-0: Ball 1-0: Foul Ball, location: 2F 1-1: Ball 2-1: Called Strike 2-2: Strikes out looking
|
Batting: RHB Jeff Bowers
|
0-0: Ground out 4-3 (Groundball, 4, EV 85.0 MPH)
|
Top of the 8th over - 0 runs, 2 hits, 0 errors, 3 left on base; Cape Coral 3 - Mt. Vernon 5 |
BOTTOM OF THE 8TH |
Mt. Vernon Bulls batting - Pitching for Cape Coral Reefers : RHP Tom Lewis
|
Now at 1B: Víctor Martínez
|
|
Now at 3B: Mike Fisher
|
|
Batting: RHB Cyrillo Watson
|
0-0: Called Strike 0-1: Ball 1-1: Foul Ball, location: 2F 1-2: Strikes out swinging
|
Batting: RHB Francisco Ortíz
|
0-0: Called Strike 0-1: Ball 1-1: Swinging Strike 1-2: Ball 2-2: Ball 3-2: Foul Ball, location: 2F 3-2: Strikes out swinging
|
Batting: RHB John Polk
|
0-0: Ball 1-0: Called Strike 1-1: Ball 2-1: Foul Ball, location: 2F 2-2: SINGLE (Line Drive, 3D, EV 96.2 MPH)
|
Batting: RHB Donovan Carlson
|
0-0: Foul Ball, location: 2F 0-1: Ball 1-1: Ball 2-1: Ground out 1-3 (Groundball, 13, EV 66.2 MPH)
|
Bottom of the 8th over - 0 runs, 1 hit, 0 errors, 1 left on base; Cape Coral 3 - Mt. Vernon 5 |
TOP OF THE 9TH |
Cape Coral Reefers batting - Pitching for Mt. Vernon Bulls : LHP James Hall
|
Pitching: RHP Danny Kas
|
|
Now at 1B: Shawn Mullins
|
|
Batting: LHB Pat Carter
|
0-0: Swinging Strike 0-1: Ball 1-1: Foul Ball, location: 2F 1-2: Strikes out swinging
|
Batting: RHB Axel Ruschmeyer
|
0-0: Ball 1-0: Called Strike 1-1: SINGLE (Groundball, 4MD, EV 106.9 MPH)
|
Batting: RHB Tom Camden
|
0-0: Swinging Strike 0-1: Ball 1-1: Foul Ball, location: 2F 1-2: Foul Ball, location: 2F 1-2: Foul Ball, location: 2F 1-2: Ball 2-2: Foul Ball, location: 2F 2-2: Ball 3-2: Strikes out swinging
|
Batting: LHB Danny Rodríguez
|
0-0: Foul Ball, location: 2F 0-1: Called Strike 0-2: Ball 1-2: Ball 2-2: Foul Ball, location: 2F 2-2: Ball 3-2: SINGLE (Flyball, 78S, EV 87.5 MPH) Axel Ruschmeyer to second Axel Ruschmeyer to third
|
Pinch Hitting: LHB Pedro Guerrero
|
0-0: Ball 1-0: Ball 2-0: Foul Ball, location: 2F 2-1: Ground out 4-3 (Groundball, 4S, EV 86.2 MPH)
|
Top of the 9th over - 0 runs, 2 hits, 0 errors, 2 left on base; Cape Coral 3 - Mt. Vernon 5 |
|